Description

Hi

Build Order

Get SALT Encoding   

  12  0:07  Overlord  
  12  0:12  Drone  
  13  0:13  Drone  
  14  0:03  Drone x2  
  16  0:04  Drone x2  
  9  0:05  Hatchery  
  11  0:06  Drone, Spawning Pool  
  7  0:07  Overlord, Drone  
  9  0:08  Queen x2, Drone  
  11  0:09  Drone x3  
Spawning Tool Build Advisor. Get it on Overwolf

Go to:

Details

  • Created by: Game4Life
  • Published on: Mar 07, 2017
  • Modified on: Mar 07, 2017
  • Patch: 3.8.0
Show
View Real Time Build Order
Export as new Build Order

Comments (0)

There are no comments. Be the first!

Create an account to comment!